AoeStats
← boar.ed

Arabia

509970982Analyzed
1v1 RM · 5d ago on Sep 28, 2026· 53m 12s· 2 players
Game mode
Random Map
Map size
Tiny (2 player)
Population
200
Speed
Normal
Resources
Standard
Victory
Conquest
Starting age
Dark Age
Ending age
Imperial Age
RankedLock teamsTeams togetherTeam positionsShared explorationLock speedFull tech treeHidden civsTurbo modeCheats
Victory
Defeat
🇩🇪 Mongols · Germany
758
+14
🇪🇸 Burgundians · Spain
722
-14
soldner.10
7:19 Loom
9:46 Feudal Age
12:25 Double-Bit Axe
12:24 Horse Collar
17:51 Gold Mining
18:05 Heavy Plow
20:40 Castle Age
19:26 Gold Shaft Mining
19:05 Bow Saw
20:41 Cavalier
21:29 Husbandry
22:42 Forging
25:19 Scale Barding Armor
25:16 Stone Mining
29:07 Elite Skirmisher
34:01 Imperial Age
31:55 Ballistics
31:47 Padded Archer Armor
33:22 Wheelbarrow
33:30 Leather Archer Armor
32:45 Light Cavalry
35:54 Town Watch
38:36 Paladin
39:49 Burgundian Vineyards
39:37 Hussar
43:26 Hand Cart
43:34 Chain Barding Armor
44:18 Chemistry
46:39 Pikeman
47:21 Fletching
48:11 Iron Casting
48:10 Squires
47:33 Halberdier
boar.ed
11:46 Feudal Age
19:34 Castle Age
17:56 Horse Collar
19:57 Double-Bit Axe
29:16 Scale Barding Armor
30:27 Forging
34:42 Bloodlines
39:18 Imperial Age
39:56 Bow Saw
43:06 Elite Steppe Lancer
44:36 Iron Casting
46:43 Chain Barding Armor
47:38 Blast Furnace
46:38 Gold Mining
Connection lost

Rejoining the realm…

Still unreachable

The connection could not be restored.

Session expired

The server has moved on; the page needs a fresh start.